 Dungeon Crawl Stone Soup version 0.27-b1-23-g44b8eac545 (webtiles) character file.

Game seed: 7920891266555938160

370 Crownlay the Fighter (level 6, -2/62 HPs)
             Began as a Hill Orc Fighter on July 27, 2021.
             Was a Follower of Beogh.
             Slain by a gnoll (3 damage)
             ... on level 4 of the Dungeon.
             The game lasted 00:07:20 (3078 turns).

Crownlay the Fighter (Hill Orc Fighter)             Turns: 3078, Time: 00:07:21

Health: -2/62      AC:  8    Str: 19    XL:     6   Next: 70%
Magic:  6/6        EV:  7    Int:  8    God:    Beogh [*.....]
Gold:   182        SH:  9    Dex: 12    Spells: 5/5 levels left

rFire    . . .     SeeInvis .   a - +0 war axe
rCold    . . .     Faith    +   c - +0 kite shield
rNeg     . . .     Spirit   .   b - +0 scale mail
rPois    +         Reflect  .   (no helmet)
rElec    .         Harm     .   s - +0 cloak
rCorr    .         Rampage  .   (no gloves)
Will     .....                  (no boots)
Stlth    ..........             g - amulet of faith
HPRegen  0.20/turn              f - ring of poison resistance
MPRegen  0.10/turn              (no ring)

@: no status effects
A: no striking features
a: Renounce Religion


You were on level 4 of the Dungeon.
You worshipped Beogh.
Beogh was aware of your devotion.
You visited 1 branch of the dungeon, and saw 5 of its levels.

You collected 182 gold pieces.

Inventory:

Hand Weapons
 a - a +0 war axe (weapon)
Armour
 b - a +0 scale mail (worn)
 c - a +0 kite shield (worn)
 s - a +0 cloak (worn)
Jewellery
 f - a ring of poison resistance (left hand)
 g - an amulet of faith (around neck)
Wands
 n - a wand of flame (17)
Scrolls
 e - 6 scrolls of teleportation
 k - a scroll of noise {unknown}
 p - a scroll of identify {unknown}
 q - a scroll of vulnerability {unknown}
Potions
 d - a potion of might
 h - 3 potions of resistance {unknown}
 i - 2 potions of flight {unknown}
 j - 2 potions of heal wounds {unknown}
 l - a potion of haste {unknown}
 m - a potion of curing {unknown}
 o - a potion of degeneration {unknown}
 r - a potion of invisibility {unknown}
 t - a potion of attraction {unknown}


   Skills:
 * Level 8.8 Fighting
 - Level 2.6 Axes
 - Level 3.2 Armour
 - Level 3.2 Shields


You had 5 spell levels left.
You didn't know any spells.
Your spell library contained the following spells:

 Spells                   Type           Power      Damage    Failure   Level
 Corona                   Hex            0%         N/A       99%         1
 Ensorcelled Hibernation  Hex/Ice        0%         N/A       100%        2
 Tukima's Dance           Hex            0%         N/A       100%        3


Dungeon Overview and Level Annotations

Branches:
Dungeon (5/15)
 Temple: D:4-7

Altars:


Message History

The gnoll barely misses you.
Items here: )) ††.
Your scale mail prevents you from hitting the gnoll.
The gnoll hits you with a +0 halberd. The gnoll closely misses you.
You hit the gnoll.
The gnoll is lightly wounded.
The gnoll hits you with a +0 halberd!
You slash the gnoll!
You kill the gnoll!
Beogh accepts your kill.
Items here: )) [ ††.
Items here: )) ††.
There is an open door here.
The gnoll barely misses you.
There is an open door here.
You block the gnoll's attack.
You hit the gnoll.
The gnoll is lightly wounded.
The gnoll hits you with a +0 spear. The gnoll hits you but does no damage.
You closely miss the gnoll. The gnoll barely misses you.
You block the gnoll's attack.
The hobgoblin shouts!
You slash the gnoll!
The gnoll is heavily wounded.
The gnoll hits you with a +0 spear.
You hit the gnoll.
The gnoll is severely wounded.
The gnoll hits you with a +0 spear!
* * * LOW HITPOINT WARNING * * *
The gnoll hits you with a +0 spear.
* * * LOW HITPOINT WARNING * * *
You hit the gnoll.
The gnoll is severely wounded.
You block the gnoll's attack.
You hit the gnoll but do no damage.
The gnoll is severely wounded.
The gnoll hits you with a +0 spear.
* * * LOW HITPOINT WARNING * * *
The gnoll hits you with a +0 spear.
You die...

####### ######## .......
#....... .......##......
............. #####
...........# #.... ##.........#
######## #....
...........#####......#####....
......)(....gg@'...............
##....>....#####............#..
##........# ###...............
##.......# #.................
#.......###.##..............
.'................[..........
##.....<.....#......).....###
#......#### #...<#######.#
#...... #.....# #.#


You could see a gnoll and a hobgoblin.

Vanquished Creatures
  Blork the orc (D:4)
  2 hounds (D:4)
  Crazy Yiuf (D:3)
  An iguana (D:4)
  Ijyb (D:3)
  An orc wizard (D:4)
  5 adders
  3 gnolls (D:4)
  2 worms (D:2)
  A dart slug (D:1)
  4 orcs
  4 bats
  2 endoplasms
  7 giant cockroaches
  4 goblins
  A hobgoblin (D:3)
  5 jackals
  A quokka (D:1)
  3 ball pythons
  2 frilled lizards (D:2)
  8 kobolds
  4 rats
63 creatures vanquished.

Vanquished Creatures (others)
  An orc priest (D:4)
  A centaur skeleton (D:4)
  A dart slug (D:4)
  2 orcs (D:4)
  A jackal (D:4)
6 creatures vanquished.

Grand Total: 69 creatures vanquished

Notes
Turn   | Place    | Note
-------+----------+-------------------------------------------
     0 | D:1      | Crownlay the Hill Orc Fighter began the quest for the Orb.
     0 | D:1      | Reached XP level 1. HP: 19/19 MP: 1/1
    42 | D:1      | Reached skill level 4 in Fighting
   123 | D:1      | Reached XP level 2. HP: 27/27 MP: 2/2
   172 | D:1      | Found a faded altar of an unknown god.
   589 | D:2      | Reached XP level 3. HP: 35/35 MP: 3/3
   761 | D:4      | Reached skill level 5 in Fighting
  1001 | D:4      | Reached XP level 4. HP: 38/44 MP: 4/4
  1012 | D:4      | Reached skill level 6 in Fighting
  1256 | D:4      | Became a worshipper of Beogh the Brigand
  1286 | D:5      | Entered Level 5 of the Dungeon
  1433 | D:2      | Reached XP level 5. HP: 51/51 MP: 5/5
  2115 | D:3      | Noticed Ijyb
  2126 | D:3      | Killed Ijyb
  2127 | D:3      | Reached skill level 7 in Fighting
  2477 | D:3      | Found a runed translucent door.
  2478 | D:3      | Noticed Crazy Yiuf
  2675 | D:3      | Killed Crazy Yiuf
  2931 | D:4      | Noticed Blork the orc
  2953 | D:4      | Reached skill level 8 in Fighting
  2953 | D:4      | Reached XP level 6. HP: 41/61 MP: 6/6
  2966 | D:4      | Killed Blork the orc
  2967 | D:4      | Reached * piety under Beogh
  3078 | D:4      | HP: 1/62 [gnoll (5)]
  3078 | D:4      | Slain by a gnoll

Illustrated notes

Levels and vault maps discovered:
D:1:      dpeg_arrival_rhombus, layout_rooms, basic_ecumenical_altar,
          bh_walls_and_bars
D:2:      layout_basic
D:3:      layout_rooms, minmay_fountain_box, uniq_ijyb, uniq_crazy_yiuf_cottage
D:4:      layout_basic, lemuel_zombie_altar_kikubaaqudgha, uniq_blork_the_orc
D:5:      kb_forest_paths, layout_basic

Skill      XL: |  1  2  3  4  5 |
---------------+----------------+-----
Fighting       | 4 5 6 8 |  8.8
Axes           | |  2.6
Armour         | |  3.2
Shields        | |  3.2

Action                   |  1- 3 |  4- 6 || total
-------------------------+-------+-------++-------
Melee: War axe           |    64 |   134 ||   198
Invok: Convert to Beogh  |       |     1 ||     1
  Use: Scroll            |       |     1 ||     1
Armor: Scale mail        |    31 |    63 ||    94
Dodge: Dodged            |    34 |    46 ||    80
Block: Kite shield       |    47 |    80 ||   127
